Map: World of Sleepers LE

Players

Clem - Winner!

  • Race: Terran Terran
  • Spawn Location: 7:00

Silky

  • Race: Zerg Zerg
  • Spawn Location: 1:00

VOD

Have the link to the VOD?

Description

Time

  • Played on: Sept. 6, 2019, 4:43 p.m.
  • Length: 11:21
Show
View Real Time Build Order
Export as new Build Order

Clem Terran - Winner!

Build Orders: Gas First Reaper Expand, Liberator Opening 

Get SALT Encoding   

  12  0:00  SCV  
  13  0:12  SCV  
  14  0:16  Supply Depot  
  14  0:25  SCV  
  15  0:28  Refinery  
  15  0:38  SCV  
  16  0:43  Barracks  
  16  0:50  SCV  
  17  1:02  SCV  
  18  1:14  SCV  
  19  1:29  Orbital Command  
  19  1:30  Reaper  
  20  1:41  Command Center  
  20  1:52  Factory  
  20  1:55  SCV  
  21  2:06  Barracks Reactor  
  21  2:08  SCV  
  22  2:11  Supply Depot  
  22  2:16  Refinery  
  22  2:20  SCV  
  23  2:32  SCV  
  24  2:43  Starport  
  24  2:45  Engineering Bay  
  24  2:47  Hellion  
  24  2:49  Hellion  
  27  2:51  SCV  
  28  3:00  Orbital Command  
  28  3:03  Barracks Tech Lab  
  28  3:04  Liberator  
  29  3:05  SCV  
  29  3:10  Hellion  
  29  3:12  Hellion  
  33  3:17  SCV  
  37  3:28  SCV  
  37  3:29  SCV  
  39  3:37  Supply Depot  
  39  3:40  SCV  
  40  3:42  SCV  
  40  3:44  Hellion  
  40  3:46  Hellion  
  45  3:50  Marine  
  46  3:59  SCV x2  
  46  4:00  Supply Depot  
  46  4:02  Stimpack  
  48  4:03  Supply Depot  
  48  4:11  SCV  
  48  4:13  SCV  
  50  4:18  Factory Tech Lab  
  50  4:23  SCV  
  51  4:25  Command Center, SCV  
  51  4:28  Starport Reactor  
  51  4:29  Marine  
  53  4:35  SCV  
  54  4:40  Barracks  
  54  4:41  Barracks  
  54  4:45  Siege Tank  
  57  4:48  SCV  
  57  4:50  Marine  
  59  4:59  SCV, Engineering Bay x2  
  47  5:07  Marine, SCV  
  47  5:12  SCV  
  47  5:14  Refinery  
  47  5:15  Refinery  
  47  5:18  Starport Reactor  
  47  5:19  Siege Tank, SCV  
  51  5:24  SCV  
  51  5:26  Terran Infantry Armor Level 1, Terran Infantry Weapons Level 1  
  51  5:28  Marine  
  53  5:31  SCV  
  53  5:33  Marine x2  
  56  5:36  Marine x2  
  56  5:38  Orbital Command  
  56  5:40  SCV  
  59  5:43  SCV  
  59  5:44  Combat Shield  
  59  5:45  Marine  
  61  5:51  Marine  
  61  5:52  Marine  
  61  5:53  SCV  
  61  5:54  Marine  
  61  5:55  Marine, Medivac  
  61  5:56  Medivac  
  70  6:00  SCV, Orbital Command  
  70  6:03  Marine  
  72  6:05  SCV  
  72  6:10  Supply Depot  
  73  6:14  Barracks  
  73  6:15  Barracks, SCV  
  73  6:17  SCV  
  75  6:18  Marine x3  
  75  6:19  Marine  
  75  6:23  Armory  
  79  6:26  SCV, Supply Depot  
  79  6:27  Marine  
  79  6:30  SCV  
  82  6:37  Supply Depot  
  82  6:38  Marine x3, Siege Tank  
  82  6:39  Marine  
  88  6:45  Marine  
  88  6:46  SCV x2  
  92  6:47  SCV  
  93  6:54  Unknown, Factory  
  93  6:56  Marine x2  
  93  6:58  SCV  
  93  6:59  Marine  
  93  7:00  SCV  
  98  7:04  SCV, Barracks Reactor x2  
  98  7:05  Marine x2  
  100  7:09  Supply Depot  
  100  7:10  SCV  
  100  7:11  Supply Depot  
  100  7:12  SCV  
  100  7:14  Drilling Claws  
  102  7:16  SCV, Widow Mine  
  102  7:18  Terran Vehicle And Ship Armor Level 1  
  102  7:22  Marine x3  
  108  7:23  SCV  
  108  7:28  Supply Depot  
  109  7:31  Marine x2  
  109  7:35  SCV x2  
  113  7:38  Terran Infantry Weapons Level 2  
  113  7:39  Supply Depot  
  113  7:40  Marine x2  
  113  7:43  Terran Infantry Armor Level 2  
  115  7:44  Factory Reactor  
  115  7:48  Marine x3  
  118  7:56  SCV  
  118  7:57  Marine x3  
  118  7:58  Marine x3, Supply Depot  
  125  8:04  Siege Tank  
  128  8:05  Marine  
  128  8:06  Marine  
  128  8:10  Supply Depot  
  128  8:11  Marine  
  131  8:13  SCV  
  131  8:17  Marine x6  
  131  8:18  Medivac  
  131  8:19  Medivac  
  137  8:23  Widow Mine x2  
  141  8:27  Marine x2  
  141  8:29  Marine  
  141  8:31  Supply Depot  
  143  8:34  Marine  
  143  8:35  Marine x2  
  143  8:39  Marine x3, Widow Mine  
  151  8:44  Supply Depot, Widow Mine  
  151  8:45  Marine  
  154  8:51  Widow Mine  
  154  8:52  Medivac x2  
  154  8:54  Marine x2  
  162  9:00  Widow Mine  
  162  9:02  Command Center  
  164  9:08  Supply Depot, Widow Mine  
  164  9:09  Supply Depot  
  165  9:12  Marine x2, Widow Mine  
  165  9:13  Marine x2  
  169  9:21  Marine x4  
  169  9:22  Medivac  
  169  9:23  SCV x2  
  169  9:25  Marine  
  169  9:30  Marine x2  
  153  9:33  Widow Mine  
  153  9:34  Marine x2  
  150  9:39  Widow Mine  
  150  9:41  SCV  
  150  9:42  Medivac  
  150  9:44  SCV  
  152  9:47  Widow Mine  
  152  9:51  SCV  
  152  9:54  Marine, Widow Mine  
  152  9:56  SCV  
  152  9:57  Marine x5  
  160  10:00  Widow Mine  
  160  10:02  Medivac  
  160  10:04  Marine  
  163  10:09  Widow Mine  
  158  10:15  Widow Mine  
  158  10:16  Marine x3  
  158  10:18  SCV  
  160  10:21  Widow Mine  
  160  10:22  SCV  
  160  10:25  Marine x2  
  160  10:26  SCV  
  160  10:28  Marine  
  164  10:30  SCV, Widow Mine  
  164  10:35  Marine x3  
  153  10:36  Marine x3  
  153  10:37  Widow Mine  
  153  10:38  Medivac  
  163  10:43  Marine  
  163  10:44  SCV  
  163  10:47  Marine x2  
  163  10:49  SCV  
  168  10:53  Marine  
  168  10:54  Marauder  
  171  10:58  Widow Mine  
  167  11:05  Barracks  
  167  11:06  SCV x2, Barracks  
  167  11:09  Barracks  
Show
View Real Time Build Order
Export as new Build Order

Silky Zerg 

Build Orders: Pool First 

Get SALT Encoding   

  12  0:02  Drone  
  13  0:14  Overlord  
  13  0:16  Drone  
  14  0:32  Drone x2  
  16  0:39  Drone  
  17  0:46  Extractor  
  17  0:48  Drone  
  17  0:49  Spawning Pool  
  16  0:58  Drone  
  17  1:08  Drone  
  18  1:18  Hatchery  
  17  1:21  Drone  
  18  1:30  Drone  
  19  1:36  Queen  
  21  1:40  Zergling x2  
  22  1:50  Overlord  
  22  1:53  Metabolic Boost  
  22  2:10  Drone  
  22  2:12  Queen  
  22  2:13  Drone  
  26  2:25  Drone  
  27  2:30  Drone  
  27  2:31  Queen  
  27  2:36  Drone  
  31  2:47  Drone x2  
  31  2:48  Drone x2  
  35  2:53  Overlord  
  35  2:55  Drone  
  36  3:03  Hatchery  
  35  3:06  Drone  
  36  3:16  Drone  
  36  3:17  Drone x2  
  39  3:20  Queen  
  39  3:21  Drone x2  
  39  3:24  Zergling x2  
  39  3:26  Overlord  
  44  3:32  Overlord  
  44  3:44  Queen  
  44  3:46  Drone  
  44  3:47  Zergling x6  
  50  3:48  Drone x2  
  50  3:52  Baneling Nest, Drone  
  50  3:53  Drone  
  50  3:55  Drone  
  54  4:00  Queen  
  56  4:08  Overlord x2  
  56  4:09  Drone  
  57  4:14  Drone  
  57  4:15  Queen  
  60  4:18  Drone  
  60  4:19  Drone  
  62  4:24  Drone, Evolution Chamber  
  62  4:27  Evolution Chamber  
  62  4:29  Spore Crawler  
  60  4:35  Zergling x2  
  60  4:36  Zergling x4  
  60  4:37  Drone x3  
  66  4:42  Overlord  
  66  4:51  Overlord  
  57  4:53  Drone x2  
  57  4:58  Zergling x2  
  57  4:59  Zergling x2, Lair  
  58  5:09  Drone x4  
  58  5:11  Drone  
  58  5:12  Extractor, Drone  
  58  5:13  Extractor  
  59  5:15  Zerg Ground Armor Level 1  
  59  5:16  Drone  
  59  5:17  Zerg Melee Weapons Level 1  
  62  5:21  Drone x2  
  62  5:25  Drone  
  63  5:30  Drone  
  63  5:32  Drone  
  65  5:37  Drone  
  65  5:40  Drone x2  
  65  5:41  Drone  
  69  5:44  Zergling x6, Hatchery  
  69  5:46  Drone  
  69  5:48  Drone  
  74  5:50  Drone  
  74  5:56  Overlord  
  74  5:59  Drone x5  
  79  6:05  Drone x2  
  81  6:13  Zergling x2  
  81  6:14  Zergling x6, Hatchery  
  81  6:16  Zergling x4  
  86  6:19  Zergling x2  
  86  6:23  Zergling x6  
  90  6:29  Overlord  
  90  6:31  Zergling x4  
  92  6:39  Baneling x7  
  92  6:40  Zergling x12  
  98  6:48  Drone x2  
  98  6:53  Baneling x3  
  99  6:54  Drone x3  
  99  6:55  Drone  
  99  7:04  Drone x4  
  104  7:08  Drone x4  
  104  7:09  Drone x2  
  104  7:10  Zergling x2, Hatchery  
  104  7:11  Zergling x4, Zerg Ground Armor Level 2  
  104  7:12  Zerg Melee Weapons Level 2  
  111  7:17  Zergling x2  
  111  7:18  Overlord x2  
  108  7:24  Overseer  
  108  7:25  Overseer  
  108  7:27  Nydus Network  
  107  7:30  Overlord  
  107  7:32  Zergling x6  
  107  7:36  Overlord  
  110  7:38  Zergling x16  
  116  7:46  Infestation Pit  
  116  7:48  Overlord  
  116  7:49  Zergling x2  
  116  7:50  Zergling x6  
  119  7:53  Overlord  
  119  7:55  Zergling x8  
  123  8:00  Overlord  
  123  8:02  Overlord  
  123  8:03  Zergling x2  
  124  8:08  Zergling x2  
  124  8:09  Zergling x2  
  126  8:13  Zergling x2  
  126  8:14  Centrifical Hooks, Zergling x8  
  126  8:18  Zergling x6  
  130  8:25  Zergling x2  
  130  8:26  Zergling x8  
  135  8:27  Hive  
  135  8:31  Nydus Canal  
  135  8:33  Zergling x8  
  139  8:37  Drone  
  139  8:39  Unknown  
  139  8:40  Drone  
  140  8:41  Spore Crawler x2, Spine Crawler  
  140  8:42  Spine Crawler  
  140  8:47  Overlord  
  136  8:49  Pneumatized Carapace  
  136  8:50  Overseer  
  136  8:51  Overseer  
  137  8:55  Zergling x2  
  137  8:56  Zergling x20  
  147  9:04  Queen x2  
  147  9:06  Drone x2  
  147  9:08  Drone x7  
  147  9:09  Drone x2  
  158  9:12  Baneling x11  
  158  9:20  Baneling x3  
  144  9:30  Zergling x32  
  137  9:34  Baneling x6  
  137  9:37  Zergling x14  
  132  9:43  Nydus Canal  
  132  9:45  Zergling x6  
  125  9:48  Zergling x6  
  126  9:57  Zergling x2  
  126  9:58  Zergling x4  
  116  10:07  Zergling x4  
  116  10:08  Zergling x20  
  116  10:14  Zergling x8  
  98  10:16  Overseer  
  98  10:19  Baneling x4  
  98  10:20  Zergling x2  
  98  10:21  Zergling x4  
  99  10:23  Baneling x2  
  99  10:24  Zergling x2  
  99  10:28  Baneling x10  
  98  10:29  Zergling x2  
  98  10:30  Zergling x2  
  91  10:36  Nydus Canal, Ultralisk Cavern  
  91  10:41  Nydus Canal  
  91  10:42  Zergling x2  
  91  10:43  Zergling x18  
  91  10:47  Drone x2  
  102  10:53  Overseer x2  
  102  10:56  Zergling x16  
  104  10:57  Nydus Canal  
  104  10:59  Hatchery  
Tags
 
Add a new tag
Caveats
  • Supply blocks, unpowered buildings, or Contaminate may cause inaccurate times.
  • Supply counts are checked every 10 seconds.